 Dungeon Crawl Stone Soup version 0.24.0-125-gc4c63601f3 (webtiles) character file.

Game seed: 6605352117435840617, levelgen mode: deterministic

623 Destapler the Covered (level 7, -12/44 HPs)
             Began as a Gargoyle Fighter on Mar 14, 2020.
             Was an Initiate of Okawaru.
             Blown up by Ijyb (27 damage)
             ... with a disintegration bolt
             ... on level 5 of the Dungeon.
             The game lasted 00:12:40 (4306 turns).

Destapler the Covered (Gargoyle Fighter)            Turns: 4306, Time: 00:12:42

Health: -12/44     AC: 13    Str: 20    XL:     7   Next: 46%
Magic:  7/7        EV:  4    Int:  9    God:    Okawaru [......]
Gold:   201        SH: 11    Dex: 10    Spells: 6/6 levels left

rFire    . . .     SeeInvis .   a - +1 mace (crush)
rCold    . . .     Gourm    +   c - +1 shield
rNeg     + . .     Faith    .   b - +0 scale mail
rPois    ∞         Spirit   .   C - +1 hat
rElec    +         Reflect  .   (no cloak)
rCorr    +         Harm     .   (no gloves)
MR       .....                  (no boots)
Stlth    ..........             k - amulet of the gourmand
HPRegen  0.14/turn              y - ring of resist corrosion
MPRegen  0.10/turn              u - ring of wizardry

@: constricted, very slow
A: negative energy resistance 1, electricity resistance, unbreathing,
petrification resistance, rot immunity, AC +4
a: Renounce Religion


You were on level 5 of the Dungeon.
You worshipped Okawaru.
Okawaru was noncommittal.
You were completely stuffed.

You visited 2 branches of the dungeon, and saw 6 of its levels.
You also visited: Sewer.

You collected 201 gold pieces.

Inventory:

Hand Weapons
 a - a +1 mace of crushing (weapon)
Missiles
 i - 8 atropa-tipped darts (quivered)
 m - 112 stones
 q - 11 boomerangs
 B - 13 poisoned darts
Armour
 b - a +0 scale mail (worn)
 c - a +1 shield (worn)
 C - a +1 hat (worn)
Jewellery
 k - an amulet of the gourmand (around neck)
 u - a ring of wizardry (right hand)
 y - a ring of resist corrosion (left hand)
Scrolls
 e - 4 scrolls of remove curse
 l - 2 scrolls of fog {unknown}
 o - 3 scrolls of identify {unknown}
 p - a scroll of blinking {unknown}
 t - 3 scrolls of random uselessness {unknown}
 v - 4 scrolls of teleportation {unknown}
 D - a scroll of enchant weapon {unknown}
Potions
 d - a potion of might
 g - 3 potions of curing {unknown}
 h - a potion of brilliance {unknown}
 j - 2 potions of haste {unknown}
 n - a potion of heal wounds {unknown}
 r - a potion of mutation {unknown}
 s - a potion of berserk rage
 w - a potion of lignification {unknown}
 x - 2 potions of agility {unknown}
 z - a potion of invisibility {unknown}
 A - 2 potions of flight {unknown}
 E - a potion of magic {unknown}
 F - a potion of degeneration {unknown}
Comestibles
 f - 11 rations


   Skills:
 + Level 5.3 Fighting
 + Level 4.3 Maces & Flails
 + Level 5.4 Armour
 + Level 5.3 Shields


You had 6 spell levels left.
You didn't know any spells.
Your spell library contained the following spells:

 Spells                   Type           Power        Failure   Level  Hunger
 Animate Skeleton         Necr           N/A          80%         1    ##.....
 Magic Dart               Conj           #...         80%         1    ##.....
 Pain                     Necr           #...         80%         1    ##.....
 Blink                    Tloc           N/A          89%         2    ###....
 Call Imp                 Summ           #.......     89%         2    ###....
 Slow                     Hex            #.......     89%         2    ###....
 Conjure Flame            Conj/Fire      #.......     98%         3    ####...
 Mephitic Cloud           Conj/Pois/Air  #.......     98%         3    ####...
 Regeneration             Chrm/Necr      #.........   98%         3    ####...
 Vampiric Draining        Necr           #.........   98%         3    ####...
 Animate Dead             Necr           N/A          100%        4    #####..


Dungeon Overview and Level Annotations

Branches:
Dungeon (5/15)             Temple (1/1) D:4           Sewer (visited)

Altars:
Dithmenos
Fedhas
Gozag
Hepliaklqana
Makhleb
Okawaru
Ru
Trog
Uskayaw
Vehumet
Wu Jian
Xom
Yredelemnul
Zin

Annotations:
D:5 Ijyb


Innate Abilities, Weirdness & Mutations

You are resistant to torment.
Your stone body is resilient. (AC +4)
You are immune to poison.
You resist negative energy. (rN+)
You are resistant to electric shocks. (rElec)
You can survive without breathing.
You are immune to petrification.
You are immune to rotting.


Message History

There is a collapsed entrance here.
You enter the shallow water.
Moving in this stuff is going to be slow.
Ijyb zaps a wand.
You are blasted!
Ouch! That really hurt!
You block the ball python's attack. The ball python barely misses you.
You completely miss Ijyb. You block the ball python's attack. x2
The rat bites you. The ball python barely misses you.
You block the ball python's attack. The rat bites you but does no damage.
Ijyb hits you but does no damage. The rat bites you but does no damage.
You sock Ijyb!
Ijyb is heavily wounded.
You block the ball python's attack. The ball python grabs you.
The ball python constricts you.
The rat splashes around in the water.
You block Ijyb's attack. The rat bites you but does no damage.
Your unstable footing causes you to fumble your attack.
The ball python barely misses you. The ball python constricts you.
The rat bites you but does no damage.
Ijyb zaps a wand.
You are blasted!
Ouch! That really hurt!
You die...

########### #.##
..........#########.#. #
##.....!............'.
#.#..#..≈#....##########
#....≈≈≈≈≈....#
#..#≈≈≈≈≈≈≈#..#
#...≈≈≈≈≈≈≈≈..#
#...≈≈≈r≈≈≈...#
##.(≈≈≈@S≈≈≈..#
#.#≈≈r≈g≈≈#..#
#...≈≈≈≈≈....#
##..#...#....#
##.........##
####........ ########.


You could see Ijyb, a ball python and 2 rats.

Vanquished Creatures
  Purgy (Sewer)
  A sky beast (D:3)
  A scorpion (D:4)
  A crimson imp (D:5)
  3 orc wizards
  Jessica (D:3)
  Natasha (twice) (D:3)
  2 worker ants
  4 gnolls
  2 adders (D:3)
  A worm (D:4)
  3 leopard geckos
  13 orcs
  3 giant cockroaches
  8 goblins
  6 hobgoblins
  A quokka (D:4)
  6 bats
  3 frilled lizards
  A jackal skeleton (D:4)
  10 kobolds
  7 rats
80 creatures vanquished.

Notes
Turn   | Place    | Note
-------+----------+-------------------------------------------
     0 | D:1      | Destapler the Gargoyle Fighter began the quest for the Orb.
     0 | D:1      | Reached XP level 1. HP: 14/14 MP: 1/1
   182 | D:1      | Reached XP level 2. HP: 14/19 MP: 2/2
   648 | D:2      | Reached XP level 3. HP: 23/23 MP: 3/3
   759 | D:2      | Found a shimmering altar of Xom.
   897 | D:2      | Found an opulent altar of Gozag.
  1028 | D:2      | Found a glowing silver altar of Zin.
  1060 | D:2      | Reached XP level 4. HP: 17/29 MP: 4/4
  1494 | D:3      | Noticed a sky beast
  1515 | D:3      | Killed a sky beast
  1515 | D:3      | Reached XP level 5. HP: 4/33 MP: 5/5
  1853 | D:3      | Noticed Jessica
  1865 | D:3      | Killed Jessica
  2009 | D:3      | Reached XP level 6. HP: 35/39 MP: 6/6
  2066 | D:3      | Noticed Natasha
  2075 | D:3      | Killed Natasha
  2138 | D:3      | Noticed Natasha
  2147 | D:3      | Killed Natasha
  2823 | D:4      | Reached skill level 5 in Fighting
  2823 | D:4      | Reached skill level 5 in Armour
  2856 | D:4      | Reached skill level 5 in Shields
  2863 | D:4      | Found a staircase to the Ecumenical Temple.
  2866 | D:4      | Reached XP level 7. HP: 25/44 MP: 7/7
  2875 | Temple   | Entered the Ecumenical Temple
  3685 | D:4      | Found an iron altar of Okawaru.
  3686 | D:4      | Found a bloodstained altar of Trog.
  3693 | D:4      | Became a worshipper of Warmaster Okawaru
  3804 | D:5      | Entered Level 5 of the Dungeon
  3916 | D:5      | Found a glowing drain.
  3922 | D:5      | Noticed Ijyb
  3925 | Sewer    | Entered a sewer
  4164 | Sewer    | Noticed Purgy
  4188 | Sewer    | Killed Purgy
  4306 | D:5      | Blown up by Ijyb

Levels and vault maps discovered:
D:1:      onia_arrival_larder, layout_basic, item_on_display_a
D:2:      layout_loops_corners, nicolae_overflow_crystal_walls,
          xom_teletrap_fun, zin_treasury
D:3:      layout_loops_ring, minmay_distorted, uniq_jessica, uniq_natasha
D:4:      layout_layer_cave, grunt_temple_overflow_bloody_war,
          minmay_temple_entry_ruins, first_ration
D:5:      minmay_polygon_palace, layout_basic, cheibrodos_sewer_entry_drain,
          uniq_grinder, uniq_crazy_yiuf_cottage, uniq_ijyb, uniq_edmund
Temple:   grunt_temple_mini_profane

Skill      XL: |  1  2  3  4  5  6 |
---------------+-------------------+-----
Fighting       | 4 5 |  5.3
Maces & Flails | 3 4 |  4.3
Armour         | 4 5 |  5.4
Shields        | 4 5 |  5.3

Action                   |  1- 3 |  4- 6 |  7- 9 || total
-------------------------+-------+-------+-------++-------
Melee: Flail             |    41 |       |       ||    41
       Mace              |    52 |   158 |    76 ||   286
  Use: Scroll            |       |       |     2 ||     2
  Eat: Chunk             |     1 |    22 |     4 ||    27
Armor: Scale mail        |    59 |    97 |    64 ||   220
Dodge: Dodged            |    38 |    45 |    41 ||   124
Block: Shield            |    55 |       |    80 ||   135
       Buckler           |     5 |    34 |     4 ||    43
